Dallas Stars vs New York Rangers
Created - Friday, October 31, 2025 at 07:09
Goals
|
| Dallas Stars |
2 |
0 |
0 |
2 |
| New York Rangers |
3 |
1 |
3 |
7 |
|
Shots
|
| Dallas Stars |
14 |
11 |
8 |
33 |
| New York Rangers |
19 |
11 |
13 |
43 |
|
1st period
1. Dallas Stars , Elias Lindholm 29 (Brendan Gallagher 29) at 2:39 (PP)
2. New York Rangers , Nathan MacKinnon 38 (Jake Walman 23) at 13:35
3. New York Rangers , Dylan Strome 27 (Jake Walman 24) at 14:11
4. Dallas Stars , Luke Kunin 32 (Jordan Martinook 35, Arber Xhekaj 14) at 16:15
5. New York Rangers , Nathan MacKinnon 39 (Cole Caufield 30, Luke Schenn 14) at 17:06
Penalties :
Conor Garland (NYR) for High sticking (Minor) at 2:04
2nd period
6. New York Rangers , Artemi Panarin 32 (Nathan MacKinnon 53, Cole Caufield 31) at 13:13
Penalties :
Nathan MacKinnon (NYR) for Cross-checking (Minor) at 5:51, Luke Kunin (DAL) for Roughing (Minor) at 8:57
3rd period
7. New York Rangers , Cam Fowler 2 (Dylan Strome 30, Conor Garland 36) at 15:38 (PP)
8. New York Rangers , Timo Meier 18 (Jake Walman 25) at 16:11
9. New York Rangers , Noel Acciari 7 (Jake Walman 26, David Kampf 10) at 18:30
Penalties :
Conor Garland (NYR) for Holding (Minor) at 10:14, Jordan Greenway (DAL) for Holding (Minor) at 14:25
Goalie Stats
Semyon Varlamov (DAL), 36 saves from 43 shots - (0.837), L, 0-1-1, 60:00 minutes
Kevin Lankinen (NYR), 31 saves from 33 shots - (0.939), W, 6-4-1, 60:00 minutes
Players Stats for Dallas Stars
Player Name G A P +/- PIM S H SB GA TA FO MP PP MP PK MP
------------------------------------------------------------------------------------
Alex Iafallo 0 0 0 -1 0 0 3 0 0 1 0/0 13:13 0:01 0:00
Arber Xhekaj 0 1 1 -1 0 1 3 1 0 0 0/0 15:24 0:00 0:00
Brendan Gallagher 0 1 1 -2 0 3 1 0 0 0 0/3 17:21 2:19 1:43
Cam York 0 0 0 -1 0 1 0 0 0 4 0/0 14:58 0:00 0:00
Dougie Hamilton 0 0 0 -3 0 1 1 1 1 0 0/0 22:45 2:16 2:02
Elias Lindholm 1 0 1 -2 0 4 2 0 0 0 9/19 18:00 2:20 1:29
Jack Drury 0 0 0 -1 0 2 2 0 1 1 3/5 12:41 0:00 0:00
Jakob Chychrun 0 0 0 -1 0 3 2 2 0 1 0/0 22:17 2:17 1:10
Joel Kiviranta 0 0 0 0 0 4 1 1 0 0 0/0 11:38 0:01 0:00
Jonatan Berggren 0 0 0 0 0 1 0 0 0 0 0/0 11:06 0:00 0:00
Jordan Greenway 0 0 0 -2 2 0 3 1 0 0 0/1 16:29 2:13 0:00
Jordan Martinook 0 1 1 -2 0 3 0 0 0 0 0/3 18:13 2:13 1:43
Josh Anderson 0 0 0 -2 0 4 0 0 2 1 0/0 17:28 2:19 1:29
Luke Kunin 1 0 1 -2 2 4 4 0 2 0 6/16 16:56 2:13 0:00
Philip Tomasino 0 0 0 0 0 0 2 1 0 0 0/1 11:06 0:00 0:00
Rasmus Ristolainen 0 0 0 -3 0 0 2 1 0 0 0/0 22:45 2:16 2:02
Trent Frederic 0 0 0 -1 0 1 3 0 0 0 0/0 12:41 0:00 0:00
Trevor van Riemsdyk 0 0 0 -1 0 1 0 0 0 0 0/0 21:45 2:17 1:10
Players Stats for New York Rangers
Player Name G A P +/- PIM S H SB GA TA FO MP PP MP PK MP
------------------------------------------------------------------------------------
Adam Larsson 0 0 0 4 0 0 1 0 0 0 0/0 19:56 0:00 2:18
Artemi Panarin 1 0 1 3 0 6 0 1 1 1 0/1 19:30 2:12 0:10
Cam Fowler 1 0 1 0 0 2 0 1 0 1 0/0 16:07 0:59 0:00
Cole Caufield 0 2 2 3 0 3 0 1 0 1 0/0 20:12 2:12 0:54
Conor Garland 0 1 1 1 4 1 0 0 0 0 0/1 15:21 1:00 0:00
David Kampf 0 1 1 1 0 1 0 0 0 0 1/3 10:07 0:00 2:11
Dmitry Kulikov 0 0 0 0 0 4 1 3 0 0 0/0 18:11 0:00 2:15
Dylan Strome 1 1 2 1 0 5 1 0 2 0 8/10 16:01 1:00 0:00
Eric Robinson 0 0 0 1 0 2 0 0 0 0 0/0 7:33 0:00 0:00
Jake Walman 0 4 4 4 0 2 0 0 0 2 0/0 22:58 2:13 2:15
Luke Schenn 0 1 1 1 0 0 0 2 0 1 0/0 18:37 0:00 0:00
Marcus Foligno 0 0 0 0 0 2 2 0 0 0 1/1 14:35 0:00 2:02
Mikael Granlund 0 0 0 1 0 2 2 0 1 0 1/2 18:29 2:13 2:12
Nathan MacKinnon 2 1 3 3 2 4 1 0 2 0 16/24 20:37 2:12 1:18
Noel Acciari 1 0 1 1 0 1 1 0 0 0 0/0 7:33 0:00 0:00
Olli Maatta 0 0 0 1 0 1 2 3 0 0 0/0 20:55 0:00 2:18
Teuvo Teravainen 0 0 0 0 0 3 0 1 0 0 3/6 14:10 0:59 0:00
Timo Meier 1 0 1 0 0 4 1 0 2 0 0/0 14:32 1:00 0:19
3 Stars
1 - Jake Walman (NYR)
2 - Nathan MacKinnon (NYR)
3 - Dylan Strome (NYR)
Power Play
Dallas Stars - 1 on 3 Attempt(s) - 33.33%
New York Rangers - 1 on 2 Attempt(s) - 50.00%
Penalty Kill
Dallas Stars - 1 on 2 Attempt(s) - 50.00%
- Score 0 goal in Penalty Kill
New York Rangers - 2 on 3 Attempt(s) - 66.67%
- Score 0 goal in Penalty Kill
Team Stat
Dallas Stars - Hits : 29 - Faceoff Wins : 18 - Blocked Shots : 8 - Penalty Minutes : 4
New York Rangers - Hits : 12 - Faceoff Wins : 30 - Blocked Shots : 12 - Penalty Minutes : 6
Official
Referees : Jake Brenk and Tom Chmielewski
Linesman : Kyle Flemington and Julien Fournier
Game Notes
No Game Note
Finance
Level 1 -- Attendance: 6000 (100.00%) -- Ticket Income $570,000
Level 2 -- Attendance: 3500 (70.00%) -- Ticket Income $210,000
Level 3 -- Attendance: 2317 (77.23%) -- Ticket Income $88,046
Level 4 -- Attendance: 3912 (78.24%) -- Ticket Income $97,800
Luxury Box -- Attendance: 992 (99.20%) -- Ticket Income $187,488
Game was played at the Madison Square Garden.
Total Attendance: 16721 (83.61%)
Total Ticket Income: $1,153,334
Other Income: $403,667
Total Income: $1,557,001
Dallas Stars
5 vs 5 Forward
Center Left Wing Right Wing Time % Phy DF OF
1 Elias Lindholm Josh Anderson Brendan Gallagher 30 1 2 2
2 Luke Kunin Jordan Martinook Jordan Greenway 30 1 2 2
3 Jack Drury Alex Iafallo Trent Frederic 25 1 2 2
4 Philip Tomasino Joel Kiviranta Jonatan Berggren 15 1 2 2
5 vs 5 Defense
Defense Defense Time % Phy DF OF
1 Rasmus Ristolainen Dougie Hamilton 35 1 2 2
2 Trevor van Riemsdyk Jakob Chychrun 35 1 2 2
3 Arber Xhekaj Cam York 30 1 2 2
4 Rasmus Ristolainen Dougie Hamilton 0 1 2 2
PowerPlay Forward
Center Left Wing Right Wing Time % Phy DF OF
1 Elias Lindholm Josh Anderson Brendan Gallagher 50 1 2 2
2 Luke Kunin Jordan Martinook Jordan Greenway 50 1 2 2
PowerPlay Defense
Defense Defense Time % Phy DF OF
1 Rasmus Ristolainen Dougie Hamilton 50 1 2 2
2 Trevor van Riemsdyk Jakob Chychrun 50 1 2 2
Penalty Kill 4 Players Forward
Center Wing Time % Phy DF OF
1 Elias Lindholm Josh Anderson 50 1 2 2
2 Jordan Martinook Brendan Gallagher 50 1 2 2
Penalty Kill 4 Players Defense
Defense Defense Time % Phy DF OF
1 Rasmus Ristolainen Dougie Hamilton 50 1 2 2
2 Trevor van Riemsdyk Jakob Chychrun 50 1 2 2
Penalty Kill - 3 Players Forward
Forward Time % Phy DF OF
1 Elias Lindholm 50 1 2 2
2 Josh Anderson 50 1 2 2
Penalty Kill - 3 Players Defense
Defense Defense Time % Phy DF OF
1 Rasmus Ristolainen Dougie Hamilton 50 1 2 2
2 Trevor van Riemsdyk Jakob Chychrun 50 1 2 2
4 vs 4 Forward
Center Wing Time % Phy DF OF
1 Elias Lindholm Josh Anderson 50 1 2 2
2 Jordan Martinook Brendan Gallagher 50 1 2 2
4 vs 4 Defense
Defense Defense Time % Phy DF OF
1 Rasmus Ristolainen Dougie Hamilton 50 1 2 2
2 Trevor van Riemsdyk Jakob Chychrun 50 1 2 2
Last Minutes Offensive
Center Left Wing Right Wing Defense Defense
Elias Lindholm Josh Anderson Brendan Gallagher Rasmus Ristolainen Dougie Hamilton
Last Minutes Defensive
Center Left Wing Right Wing Defense Defense
Elias Lindholm Josh Anderson Brendan Gallagher Rasmus Ristolainen Dougie Hamilton
Goaltenders
Starting : Semyon Varlamov
Backup : Alex Lyon
Extra Forwards
Normal : Alex Iafallo, Joel Kiviranta, Jack Drury - PP : Alex Iafallo, Joel Kiviranta - PK : Jack Drury
Extra Defensemen
Normal : Rasmus Ristolainen, Cam York, Trevor van Riemsdyk - PP : Dougie Hamilton - PK : Cam York, Trevor van Riemsdyk
Penalty Shots
Elias Lindholm, Josh Anderson, Jordan Martinook, Brendan Gallagher, Alex Iafallo
Scratches
Filip Chytil (Healthy), Jonas Siegenthaler (Healthy), Marc-Andre Fleury (Healthy)
New York Rangers
5 vs 5 Forward
Center Left Wing Right Wing Time % Phy DF OF
1 Nathan MacKinnon Cole Caufield Artemi Panarin 38 0 2 3
2 Dylan Strome Conor Garland Mikael Granlund 30 1 1 3
3 Teuvo Teravainen Timo Meier Marcus Foligno 22 2 1 2
4 Noel Acciari David Kampf Eric Robinson 10 1 3 1
5 vs 5 Defense
Defense Defense Time % Phy DF OF
1 Jake Walman Adam Larsson 36 1 2 2
2 Olli Maatta Luke Schenn 34 1 2 2
3 Cam Fowler Dmitry Kulikov 30 1 2 2
4 Jake Walman Adam Larsson 0 1 2 2
PowerPlay Forward
Center Left Wing Right Wing Time % Phy DF OF
1 Nathan MacKinnon Cole Caufield Artemi Panarin 60 0 1 4
2 Dylan Strome Timo Meier Conor Garland 40 0 1 4
PowerPlay Defense
Defense Defense Time % Phy DF OF
1 Mikael Granlund Jake Walman 60 1 1 3
2 Cam Fowler Teuvo Teravainen 40 1 1 3
Penalty Kill 4 Players Forward
Center Wing Time % Phy DF OF
1 David Kampf Marcus Foligno 50 1 3 1
2 Mikael Granlund Nathan MacKinnon 50 1 3 1
Penalty Kill 4 Players Defense
Defense Defense Time % Phy DF OF
1 Jake Walman Dmitry Kulikov 50 1 3 1
2 Adam Larsson Olli Maatta 50 1 3 1
Penalty Kill - 3 Players Forward
Forward Time % Phy DF OF
1 Noel Acciari 50 1 4 0
2 Mikael Granlund 50 1 4 0
Penalty Kill - 3 Players Defense
Defense Defense Time % Phy DF OF
1 Dmitry Kulikov Jake Walman 50 1 3 1
2 Adam Larsson Olli Maatta 50 1 3 1
4 vs 4 Forward
Center Wing Time % Phy DF OF
1 Nathan MacKinnon Mikael Granlund 50 1 2 2
2 Artemi Panarin Cole Caufield 50 1 2 2
4 vs 4 Defense
Defense Defense Time % Phy DF OF
1 Olli Maatta Adam Larsson 50 1 2 2
2 Jake Walman Luke Schenn 50 1 2 2
Last Minutes Offensive
Center Left Wing Right Wing Defense Defense
Nathan MacKinnon Cole Caufield Artemi Panarin Cam Fowler Jake Walman
Last Minutes Defensive
Center Left Wing Right Wing Defense Defense
Noel Acciari Mikael Granlund Marcus Foligno Jake Walman Adam Larsson
Goaltenders
Starting : Kevin Lankinen
Backup : Igor Shesterkin
Extra Forwards
Normal : Dylan Strome, Teuvo Teravainen, Mikael Granlund - PP : Dylan Strome, Teuvo Teravainen - PK : Mikael Granlund
Extra Defensemen
Normal : Cam Fowler, Dmitry Kulikov, Jake Walman - PP : Cam Fowler - PK : Dmitry Kulikov, Jake Walman
Penalty Shots
Nathan MacKinnon, Artemi Panarin, Cole Caufield, Mikael Granlund, Teuvo Teravainen
Scratches
Tyler Motte (Healthy), Nicolas Hague (Healthy)
% Time on Ice - Dallas Stars
Lines # - Real PCT - Wanted PCT - Time Play
Normal Forward
1 - 27% - 30% - 14:11
2 - 27% - 30% - 14:17
3 - 24% - 25% - 12:41
4 - 21% - 15% - 11:06
Normal Defense
1 - 35% - 35% - 18:04
2 - 35% - 35% - 18:20
3 - 30% - 30% - 15:28
4 - 1% - 0% - 0:23
PP Forward
1 - 51% - 50% - 2:20
2 - 49% - 50% - 2:13
PP Defense
1 - 50% - 50% - 2:16
2 - 50% - 50% - 2:17
PK Forward
1 - 46% - 50% - 1:29
2 - 54% - 50% - 1:43
PK Defense
1 - 64% - 50% - 2:02
2 - 36% - 50% - 1:10
PK3 Forward
1 - 0% - 50%
2 - 0% - 50%
PK3 Defense
1 - 0% - 50%
2 - 0% - 50%
44 Forward
1 - 0% - 50%
2 - 0% - 50%
44 Defense
1 - 0% - 50%
2 - 0% - 50%
Last Minute Offensive - 0:00
Last Minute Defensive - 0:00
Total
Forward - 60:00
Defense - 60:00
|
% Time on Ice - New York Rangers
Lines # - Real PCT - Wanted PCT - Time Play
Normal Forward
1 - 33% - 38% - 17:29
2 - 27% - 30% - 14:02
3 - 25% - 22% - 13:11
4 - 14% - 10% - 7:33
Normal Defense
1 - 35% - 36% - 18:30
2 - 36% - 34% - 18:37
3 - 29% - 30% - 15:08
4 - 0% - 0% - 0:00
PP Forward
1 - 69% - 60% - 2:12
2 - 31% - 40% - 1:00
PP Defense
1 - 69% - 60% - 2:13
2 - 31% - 40% - 0:59
PK Forward
1 - 45% - 50% - 2:02
2 - 55% - 50% - 2:31
PK Defense
1 - 49% - 50% - 2:15
2 - 51% - 50% - 2:18
PK3 Forward
1 - 0% - 50%
2 - 0% - 50%
PK3 Defense
1 - 0% - 50%
2 - 0% - 50%
44 Forward
1 - 0% - 50%
2 - 0% - 50%
44 Defense
1 - 0% - 50%
2 - 0% - 50%
Last Minute Offensive - 0:00
Last Minute Defensive - 0:00
Total
Forward - 60:00
Defense - 60:00
|
Play-by-Play
1st period
0:01 of 1st period - Nathan MacKinnon wins face-off versus Elias Lindholm in neutral zone.
1:07 of 1st period - Snap shot by Artemi Panarin.
1:07 of 1st period - Stopped by Semyon Varlamov with a rebound.
1:27 of 1st period - Luke Schenn is hit by Philip Tomasino and loses puck.
1:34 of 1st period - Rasmus Ristolainen is hit by Noel Acciari and loses puck.
1:59 of 1st period - Snap shot by Elias Lindholm.
1:59 of 1st period - Shot Misses the Net.
2:04 of 1st period - Minor Penalty to Conor Garland for High sticking.
2:05 of 1st period - Elias Lindholm wins face-off versus David Kampf in New York Rangers zone.
2:17 of 1st period - Snap shot by Elias Lindholm.
2:17 of 1st period - Stopped by Kevin Lankinen without a rebound.
2:18 of 1st period - Luke Kunin wins face-off versus Mikael Granlund in New York Rangers zone.
2:31 of 1st period - Wrist shot by Luke Kunin.
2:31 of 1st period - Stopped by Kevin Lankinen without a rebound.
2:32 of 1st period - Elias Lindholm wins face-off versus David Kampf in New York Rangers zone.
2:39 of 1st period - Snap shot by Elias Lindholm.
2:39 of 1st period - Goal by Elias Lindholm - Dallas Stars : 1 - New York Rangers : 0.
2:40 of 1st period - Nathan MacKinnon wins face-off versus Luke Kunin in neutral zone.
2:53 of 1st period - Slapshot by Artemi Panarin.
2:53 of 1st period - Shot Misses the Net.
2:55 of 1st period - Slapshot by Dmitry Kulikov.
2:55 of 1st period - Deflect By Jakob Chychrun.
2:55 of 1st period - Stopped by Semyon Varlamov with a rebound.
2:57 of 1st period - Snap shot by Nathan MacKinnon.
2:57 of 1st period - Shot Hit the Post.
3:11 of 1st period - Wrist shot by Teuvo Teravainen.
3:11 of 1st period - Shot Misses the Net.
3:34 of 1st period - Luke Schenn is hit by Jack Drury and loses puck.
3:43 of 1st period - Mikael Granlund is hit by Trent Frederic and loses puck.
4:23 of 1st period - Wrist shot by Eric Robinson.
4:23 of 1st period - Stopped by Semyon Varlamov with a rebound.
4:29 of 1st period - Slapshot by Luke Kunin.
4:29 of 1st period - Shot Blocked by Dmitry Kulikov.
5:15 of 1st period - Jake Walman is hit by Joel Kiviranta and loses puck.
5:37 of 1st period - Jake Walman is hit by Elias Lindholm and loses puck.
5:52 of 1st period - Luke Schenn is hit by Arber Xhekaj and loses puck.
7:09 of 1st period - Snap shot by Dylan Strome.
7:09 of 1st period - Stopped by Semyon Varlamov without a rebound.
7:10 of 1st period - Luke Kunin wins face-off versus Nathan MacKinnon in Dallas Stars zone.
7:15 of 1st period - Slapshot by Jakob Chychrun.
7:15 of 1st period - Stopped by Kevin Lankinen with a rebound.
7:58 of 1st period - Snap shot by Eric Robinson.
7:58 of 1st period - Stopped by Semyon Varlamov with a rebound.
8:00 of 1st period - Snap shot by Dmitry Kulikov.
8:00 of 1st period - Shot Misses the Net.
8:02 of 1st period - Slapshot by Dmitry Kulikov.
8:02 of 1st period - Stopped by Semyon Varlamov with a rebound.
9:46 of 1st period - Snap shot by Mikael Granlund.
9:46 of 1st period - Stopped by Semyon Varlamov with a rebound.
10:21 of 1st period - Luke Schenn is hit by Luke Kunin and loses puck.
10:50 of 1st period - Jake Walman is hit by Rasmus Ristolainen and loses puck.
11:13 of 1st period - Wrist shot by Dylan Strome.
11:13 of 1st period - Stopped by Semyon Varlamov with a rebound.
11:31 of 1st period - Jordan Martinook is hit by Dmitry Kulikov and loses puck.
11:52 of 1st period - Jordan Martinook is hit by Timo Meier and loses puck.
12:25 of 1st period - Snap shot by Jordan Martinook.
12:25 of 1st period - Stopped by Kevin Lankinen with a rebound.
12:27 of 1st period - Backhand shot by Jordan Martinook.
12:27 of 1st period - Deflect By Jordan Greenway.
12:27 of 1st period - Shot Misses the Net.
12:27 of 1st period - Puck is out of play.
12:28 of 1st period - Nathan MacKinnon wins face-off versus Brendan Gallagher in New York Rangers zone.
12:39 of 1st period - Backhand shot by Artemi Panarin.
12:39 of 1st period - Stopped by Semyon Varlamov with a rebound.
12:41 of 1st period - Backhand shot by Cole Caufield.
12:41 of 1st period - Shot Misses the Net.
12:43 of 1st period - Wrist shot by Dmitry Kulikov.
12:43 of 1st period - Stopped by Semyon Varlamov with a rebound.
12:45 of 1st period - Slapshot by Cam Fowler.
12:45 of 1st period - Stopped by Semyon Varlamov with a rebound.
13:12 of 1st period - Trevor van Riemsdyk is hit by Mikael Granlund and loses puck.
13:19 of 1st period - Slapshot by Conor Garland.
13:19 of 1st period - Shot Misses the Net.
13:21 of 1st period - Snap shot by Cam Fowler.
13:21 of 1st period - Shot Misses the Net.
13:23 of 1st period - Slapshot by Dmitry Kulikov.
13:23 of 1st period - Deflect By Alex Iafallo.
13:23 of 1st period - Stopped by Semyon Varlamov without a rebound.
13:24 of 1st period - Elias Lindholm wins face-off versus Nathan MacKinnon in Dallas Stars zone.
13:35 of 1st period - Snap shot by Nathan MacKinnon.
13:35 of 1st period - Goal by Nathan MacKinnon - Dallas Stars : 1 - New York Rangers : 1.
13:36 of 1st period - Nathan MacKinnon wins face-off versus Brendan Gallagher in neutral zone.
14:04 of 1st period - Jake Walman is hit by Arber Xhekaj and loses puck.
14:09 of 1st period - Slapshot by Dylan Strome.
14:09 of 1st period - Stopped by Semyon Varlamov with a rebound.
14:11 of 1st period - Snap shot by Dylan Strome.
14:11 of 1st period - Goal by Dylan Strome - Dallas Stars : 1 - New York Rangers : 2.
14:12 of 1st period - Nathan MacKinnon wins face-off versus Jack Drury in neutral zone.
14:28 of 1st period - Off-side.
14:29 of 1st period - Luke Kunin wins face-off versus Dylan Strome in neutral zone.
15:21 of 1st period - Icing by Jakob Chychrun.
15:22 of 1st period - Elias Lindholm wins face-off versus Nathan MacKinnon in Dallas Stars zone.
15:39 of 1st period - Wrist shot by Brendan Gallagher.
15:39 of 1st period - Stopped by Kevin Lankinen with a rebound.
15:41 of 1st period - Snap shot by Josh Anderson.
15:41 of 1st period - Deflect By Nathan MacKinnon.
15:41 of 1st period - Shot Blocked by Dmitry Kulikov.
15:41 of 1st period - Puck is out of play.
15:42 of 1st period - Luke Kunin wins face-off versus Teuvo Teravainen in New York Rangers zone.
15:43 of 1st period - Slapshot by Jordan Martinook.
15:43 of 1st period - Shot Hit the Post.
15:45 of 1st period - Slapshot by Luke Kunin.
15:45 of 1st period - Shot Misses the Net.
15:49 of 1st period - Wrist shot by Luke Kunin.
15:49 of 1st period - Stopped by Kevin Lankinen with a rebound.
15:51 of 1st period - Wrist shot by Jordan Martinook.
15:51 of 1st period - Stopped by Kevin Lankinen without a rebound.
15:52 of 1st period - Teuvo Teravainen wins face-off versus Luke Kunin in New York Rangers zone.
16:15 of 1st period - Wrist shot by Luke Kunin.
16:15 of 1st period - Goal by Luke Kunin - Dallas Stars : 2 - New York Rangers : 2.
16:16 of 1st period - Jack Drury wins face-off versus Nathan MacKinnon in neutral zone.
16:19 of 1st period - Artemi Panarin is hit by Trent Frederic and loses puck.
16:30 of 1st period - Wrist shot by Artemi Panarin.
16:30 of 1st period - Shot Misses the Net.
16:32 of 1st period - Slapshot by Olli Maatta.
16:32 of 1st period - Stopped by Semyon Varlamov without a rebound.
16:33 of 1st period - Dylan Strome wins face-off versus Elias Lindholm in Dallas Stars zone.
16:36 of 1st period - Wrist shot by Conor Garland.
16:36 of 1st period - Stopped by Semyon Varlamov without a rebound.
16:37 of 1st period - Dylan Strome wins face-off versus Elias Lindholm in Dallas Stars zone.
17:06 of 1st period - Wrist shot by Nathan MacKinnon.
17:06 of 1st period - Goal by Nathan MacKinnon - Dallas Stars : 2 - New York Rangers : 3.
17:07 of 1st period - Nathan MacKinnon wins face-off versus Luke Kunin in neutral zone.
18:23 of 1st period - Snap shot by Jonatan Berggren.
18:23 of 1st period - Shot Blocked by Olli Maatta.
18:49 of 1st period - Snap shot by Jonatan Berggren.
18:49 of 1st period - Shot Blocked by Olli Maatta.
18:51 of 1st period - Snap shot by Joel Kiviranta.
18:51 of 1st period - Stopped by Kevin Lankinen with a rebound.
18:53 of 1st period - Snap shot by Joel Kiviranta.
18:53 of 1st period - Shot Misses the Net.
18:55 of 1st period - Slapshot by Trevor van Riemsdyk.
18:55 of 1st period - Shot Misses the Net.
18:57 of 1st period - Backhand shot by Trevor van Riemsdyk.
18:57 of 1st period - Stopped by Kevin Lankinen with a rebound.
18:59 of 1st period - Snap shot by Jonatan Berggren.
18:59 of 1st period - Shot Misses the Net.
19:07 of 1st period - Wrist shot by Joel Kiviranta.
19:07 of 1st period - Stopped by Kevin Lankinen with a rebound.
19:23 of 1st period - Snap shot by Jakob Chychrun.
19:23 of 1st period - Stopped by Kevin Lankinen with a rebound.
19:39 of 1st period - Snap shot by Artemi Panarin.
19:39 of 1st period - Stopped by Semyon Varlamov with a rebound.
19:47 of 1st period - Slapshot by Jakob Chychrun.
19:47 of 1st period - Stopped by Kevin Lankinen with a rebound.
Goals for this period are 2 for Dallas Stars vs 3 for New York Rangers.
Shots for this period are 14 for Dallas Stars vs 19 for New York Rangers.
2nd period
0:01 of 2nd period - Dylan Strome wins face-off versus Elias Lindholm in neutral zone.
0:09 of 2nd period - Dmitry Kulikov is hit by Elias Lindholm and loses puck.
0:16 of 2nd period - Snap shot by Brendan Gallagher.
0:16 of 2nd period - Shot Misses the Net.
0:26 of 2nd period - Mikael Granlund is hit by Alex Iafallo and loses puck.
0:35 of 2nd period - Snap shot by Trent Frederic.
0:35 of 2nd period - Shot Misses the Net.
0:37 of 2nd period - Snap shot by Alex Iafallo.
0:37 of 2nd period - Shot Misses the Net.
0:39 of 2nd period - Wrist shot by Trent Frederic.
0:39 of 2nd period - Stopped by Kevin Lankinen without a rebound.
0:40 of 2nd period - Luke Kunin wins face-off versus Teuvo Teravainen in New York Rangers zone.
0:41 of 2nd period - Snap shot by Jordan Martinook.
0:41 of 2nd period - Shot Hit the Post.
0:43 of 2nd period - Wrist shot by Jordan Greenway.
0:43 of 2nd period - Shot Misses the Net.
0:45 of 2nd period - Slapshot by Arber Xhekaj.
0:45 of 2nd period - Stopped by Kevin Lankinen without a rebound.
0:46 of 2nd period - Teuvo Teravainen wins face-off versus Luke Kunin in New York Rangers zone.
1:02 of 2nd period - Off-side.
1:03 of 2nd period - Dylan Strome wins face-off versus Elias Lindholm in neutral zone.
3:01 of 2nd period - Snap shot by Teuvo Teravainen.
3:01 of 2nd period - Stopped by Semyon Varlamov with a rebound.
3:03 of 2nd period - Slapshot by Teuvo Teravainen.
3:03 of 2nd period - Stopped by Semyon Varlamov with a rebound.
3:05 of 2nd period - Slapshot by Luke Schenn.
3:05 of 2nd period - Shot Blocked by Arber Xhekaj.
3:09 of 2nd period - Snap shot by Teuvo Teravainen.
3:09 of 2nd period - Stopped by Semyon Varlamov with a rebound.
3:25 of 2nd period - Snap shot by Jack Drury.
3:25 of 2nd period - Stopped by Kevin Lankinen with a rebound.
4:08 of 2nd period - Snap shot by Dylan Strome.
4:08 of 2nd period - Shot Misses the Net.
4:39 of 2nd period - Marcus Foligno is hit by Jack Drury and loses puck.
4:47 of 2nd period - Slapshot by Luke Schenn.
4:47 of 2nd period - Shot Blocked by Rasmus Ristolainen.
4:53 of 2nd period - Snap shot by Timo Meier.
4:53 of 2nd period - Stopped by Semyon Varlamov with a rebound.
4:55 of 2nd period - Slapshot by Marcus Foligno.
4:55 of 2nd period - Stopped by Semyon Varlamov without a rebound.
4:56 of 2nd period - Nathan MacKinnon wins face-off versus Elias Lindholm in Dallas Stars zone.
4:57 of 2nd period - Wrist shot by Artemi Panarin.
4:57 of 2nd period - Shot Blocked by Jakob Chychrun.
5:09 of 2nd period - Icing by Brendan Gallagher.
5:10 of 2nd period - Elias Lindholm wins face-off versus Dylan Strome in Dallas Stars zone.
5:47 of 2nd period - Snap shot by Brendan Gallagher.
5:47 of 2nd period - Stopped by Kevin Lankinen without a rebound.
5:48 of 2nd period - Nathan MacKinnon wins face-off versus Jordan Greenway in New York Rangers zone.
5:48 of 2nd period - Nathan MacKinnon is hit by Jordan Greenway.
5:51 of 2nd period - Minor Penalty to Nathan MacKinnon for Cross-checking.
5:52 of 2nd period - Mikael Granlund wins face-off versus Luke Kunin in New York Rangers zone.
5:52 of 2nd period - Mikael Granlund is hit by Jordan Greenway.
6:05 of 2nd period - Snap shot by Marcus Foligno.
6:05 of 2nd period - Shot Misses the Net.
7:51 of 2nd period - Penalty to Nathan MacKinnon is over, Nathan MacKinnon is back on ice.
8:21 of 2nd period - Slapshot by Joel Kiviranta.
8:21 of 2nd period - Stopped by Kevin Lankinen without a rebound.
8:22 of 2nd period - Jack Drury wins face-off versus Nathan MacKinnon in New York Rangers zone.
8:23 of 2nd period - Wrist shot by Alex Iafallo.
8:23 of 2nd period - Shot Misses the Net.
8:25 of 2nd period - Backhand shot by Cam York.
8:25 of 2nd period - Shot Blocked by Luke Schenn.
8:47 of 2nd period - Timo Meier is hit by Philip Tomasino and loses puck.
8:57 of 2nd period - Minor Penalty to Luke Kunin for Roughing.
8:58 of 2nd period - Nathan MacKinnon wins face-off versus Brendan Gallagher in Dallas Stars zone.
9:34 of 2nd period - Dougie Hamilton is hit by Dylan Strome and loses puck.
10:02 of 2nd period - Icing by Nathan MacKinnon.
10:03 of 2nd period - Nathan MacKinnon wins face-off versus Jordan Martinook in New York Rangers zone.
10:06 of 2nd period - Snap shot by Brendan Gallagher.
10:06 of 2nd period - Shot Misses the Net.
10:08 of 2nd period - Snap shot by Brendan Gallagher.
10:08 of 2nd period - Stopped by Kevin Lankinen with a rebound.
10:10 of 2nd period - Slapshot by Trevor van Riemsdyk.
10:10 of 2nd period - Shot Blocked by Cole Caufield.
10:27 of 2nd period - Off-side.
10:28 of 2nd period - Dylan Strome wins face-off versus Elias Lindholm in neutral zone.
10:57 of 2nd period - Penalty to Luke Kunin is over, Luke Kunin is back on ice.
11:17 of 2nd period - Snap shot by David Kampf.
11:17 of 2nd period - Stopped by Semyon Varlamov with a rebound.
12:41 of 2nd period - Off-side.
12:42 of 2nd period - Teuvo Teravainen wins face-off versus Philip Tomasino in neutral zone.
12:57 of 2nd period - Wrist shot by Joel Kiviranta.
12:57 of 2nd period - Stopped by Kevin Lankinen without a rebound.
12:58 of 2nd period - Luke Kunin wins face-off versus Nathan MacKinnon in New York Rangers zone.
13:13 of 2nd period - Wrist shot by Artemi Panarin.
13:13 of 2nd period - Goal by Artemi Panarin - Dallas Stars : 2 - New York Rangers : 4.
13:14 of 2nd period - Nathan MacKinnon wins face-off versus Luke Kunin in neutral zone.
13:27 of 2nd period - Jake Walman is hit by Dougie Hamilton.
13:41 of 2nd period - Adam Larsson is hit by Brendan Gallagher and loses puck.
14:22 of 2nd period - Adam Larsson is hit by Alex Iafallo and loses puck.
14:33 of 2nd period - Slapshot by Marcus Foligno.
14:33 of 2nd period - Stopped by Semyon Varlamov with a rebound.
14:48 of 2nd period - Slapshot by Jake Walman.
14:48 of 2nd period - Stopped by Semyon Varlamov with a rebound.
14:50 of 2nd period - Wrist shot by Timo Meier.
14:50 of 2nd period - Stopped by Semyon Varlamov with a rebound.
15:16 of 2nd period - Snap shot by Timo Meier.
15:16 of 2nd period - Stopped by Semyon Varlamov without a rebound.
15:17 of 2nd period - Nathan MacKinnon wins face-off versus Luke Kunin in Dallas Stars zone.
15:44 of 2nd period - Dylan Strome is hit by Rasmus Ristolainen and loses puck.
15:53 of 2nd period - Snap shot by Dylan Strome.
15:53 of 2nd period - Shot Blocked by Dougie Hamilton.
15:55 of 2nd period - Slapshot by Luke Schenn.
15:55 of 2nd period - Shot Blocked by Joel Kiviranta.
16:52 of 2nd period - Slapshot by Dougie Hamilton.
16:52 of 2nd period - Stopped by Kevin Lankinen with a rebound.
16:54 of 2nd period - Wrist shot by Joel Kiviranta.
16:54 of 2nd period - Shot Blocked by Olli Maatta.
16:56 of 2nd period - Snap shot by Joel Kiviranta.
16:56 of 2nd period - Shot Hit the Post.
16:58 of 2nd period - Slapshot by Jonatan Berggren.
16:58 of 2nd period - Deflect By David Kampf.
16:58 of 2nd period - Stopped by Kevin Lankinen without a rebound.
16:59 of 2nd period - Elias Lindholm wins face-off versus Artemi Panarin in New York Rangers zone.
17:06 of 2nd period - Wrist shot by Josh Anderson.
17:06 of 2nd period - Stopped by Kevin Lankinen with a rebound.
17:55 of 2nd period - Slapshot by Jakob Chychrun.
17:55 of 2nd period - Shot Blocked by Luke Schenn.
19:02 of 2nd period - Cam York is hit by Mikael Granlund and loses puck.
19:47 of 2nd period - Snap shot by Elias Lindholm.
19:47 of 2nd period - Stopped by Kevin Lankinen without a rebound.
19:48 of 2nd period - Elias Lindholm wins face-off versus Conor Garland in New York Rangers zone.
Goals for this period are 0 for Dallas Stars vs 1 for New York Rangers.
Shots for this period are 11 for Dallas Stars vs 11 for New York Rangers.
3rd period
0:01 of 3rd period - Nathan MacKinnon wins face-off versus Luke Kunin in neutral zone.
0:54 of 3rd period - Snap shot by Jack Drury.
0:54 of 3rd period - Stopped by Kevin Lankinen with a rebound.
1:04 of 3rd period - Alex Iafallo is hit by Marcus Foligno and loses puck.
1:25 of 3rd period - Wrist shot by Jordan Martinook.
1:25 of 3rd period - Stopped by Kevin Lankinen with a rebound.
1:39 of 3rd period - Wrist shot by Artemi Panarin.
1:39 of 3rd period - Stopped by Semyon Varlamov with a rebound.
1:41 of 3rd period - Snap shot by Jake Walman.
1:41 of 3rd period - Shot Blocked by Philip Tomasino.
1:43 of 3rd period - Snap shot by Artemi Panarin.
1:43 of 3rd period - Deflect By Cole Caufield.
1:43 of 3rd period - Stopped by Semyon Varlamov with a rebound.
1:45 of 3rd period - Wrist shot by Cole Caufield.
1:45 of 3rd period - Stopped by Semyon Varlamov with a rebound.
1:47 of 3rd period - Snap shot by Cole Caufield.
1:47 of 3rd period - Shot Blocked by Jakob Chychrun.
1:49 of 3rd period - Snap shot by Adam Larsson.
1:49 of 3rd period - Deflect By Nathan MacKinnon.
1:49 of 3rd period - Stopped by Semyon Varlamov with a rebound.
1:51 of 3rd period - Slapshot by Artemi Panarin.
1:51 of 3rd period - Stopped by Semyon Varlamov with a rebound.
2:26 of 3rd period - Timo Meier is hit by Alex Iafallo and loses puck.
3:07 of 3rd period - Slapshot by Jakob Chychrun.
3:07 of 3rd period - Shot Blocked by Artemi Panarin.
3:31 of 3rd period - Alex Iafallo is hit by Olli Maatta and loses puck.
4:08 of 3rd period - Cole Caufield is hit by Jordan Greenway.
5:26 of 3rd period - Snap shot by Nathan MacKinnon.
5:26 of 3rd period - Shot Misses the Net.
5:32 of 3rd period - Nathan MacKinnon is hit by Luke Kunin and loses puck.
5:52 of 3rd period - Dougie Hamilton is hit by Marcus Foligno and loses puck.
6:30 of 3rd period - Slapshot by Jordan Martinook.
6:30 of 3rd period - Shot Misses the Net.
6:32 of 3rd period - Wrist shot by Jakob Chychrun.
6:32 of 3rd period - Shot Misses the Net.
6:34 of 3rd period - Slapshot by Trevor van Riemsdyk.
6:34 of 3rd period - Shot Blocked by Dmitry Kulikov.
6:36 of 3rd period - Slapshot by Cam York.
6:36 of 3rd period - Shot Blocked by Cam Fowler.
6:49 of 3rd period - Cam Fowler is hit by Arber Xhekaj.
6:53 of 3rd period - Arber Xhekaj is hit by Olli Maatta and loses puck.
7:10 of 3rd period - Snap shot by Elias Lindholm.
7:10 of 3rd period - Stopped by Kevin Lankinen with a rebound.
7:20 of 3rd period - Snap shot by Mikael Granlund.
7:20 of 3rd period - Stopped by Semyon Varlamov with a rebound.
7:22 of 3rd period - Slapshot by Mikael Granlund.
7:22 of 3rd period - Shot Misses the Net.
7:52 of 3rd period - Rasmus Ristolainen is hit by Adam Larsson.
7:55 of 3rd period - Icing by Luke Kunin.
7:56 of 3rd period - Nathan MacKinnon wins face-off versus Jordan Martinook in Dallas Stars zone.
8:11 of 3rd period - Wrist shot by Nathan MacKinnon.
8:11 of 3rd period - Stopped by Semyon Varlamov with a rebound.
8:17 of 3rd period - Artemi Panarin is hit by Luke Kunin and loses puck.
8:40 of 3rd period - Wrist shot by Luke Kunin.
8:40 of 3rd period - Stopped by Kevin Lankinen without a rebound.
8:41 of 3rd period - Dylan Strome wins face-off versus Elias Lindholm in New York Rangers zone.
8:48 of 3rd period - Slapshot by Josh Anderson.
8:48 of 3rd period - Stopped by Kevin Lankinen with a rebound.
8:50 of 3rd period - Wrist shot by Josh Anderson.
8:50 of 3rd period - Stopped by Kevin Lankinen with a rebound.
8:52 of 3rd period - Wrist shot by Brendan Gallagher.
8:52 of 3rd period - Shot Misses the Net.
9:10 of 3rd period - Icing by Trevor van Riemsdyk.
9:11 of 3rd period - Marcus Foligno wins face-off versus Jack Drury in Dallas Stars zone.
10:14 of 3rd period - Minor Penalty to Conor Garland for Holding.
10:15 of 3rd period - David Kampf wins face-off versus Elias Lindholm in New York Rangers zone.
10:26 of 3rd period - Slapshot by Josh Anderson.
10:26 of 3rd period - Stopped by Kevin Lankinen without a rebound.
10:27 of 3rd period - Nathan MacKinnon wins face-off versus Luke Kunin in New York Rangers zone.
10:53 of 3rd period - David Kampf is hit by Jakob Chychrun and loses puck.
12:14 of 3rd period - Penalty to Conor Garland is over, Conor Garland is back on ice.
13:10 of 3rd period - Backhand shot by Teuvo Teravainen.
13:10 of 3rd period - Deflect By Dylan Strome.
13:10 of 3rd period - Shot Misses the Net.
13:10 of 3rd period - Puck is out of play.
13:11 of 3rd period - Jack Drury wins face-off versus Teuvo Teravainen in Dallas Stars zone.
13:32 of 3rd period - Timo Meier is hit by Jakob Chychrun and loses puck.
14:25 of 3rd period - Minor Penalty to Jordan Greenway for Holding.
14:26 of 3rd period - Elias Lindholm wins face-off versus Nathan MacKinnon in Dallas Stars zone.
14:39 of 3rd period - Jordan Martinook is hit by Nathan MacKinnon and loses puck.
15:28 of 3rd period - Wrist shot by Cole Caufield.
15:28 of 3rd period - Stopped by Semyon Varlamov without a rebound.
15:29 of 3rd period - Dylan Strome wins face-off versus Elias Lindholm in Dallas Stars zone.
15:34 of 3rd period - Snap shot by Conor Garland.
15:34 of 3rd period - Shot Misses the Net.
15:36 of 3rd period - Wrist shot by Dylan Strome.
15:36 of 3rd period - Stopped by Semyon Varlamov with a rebound.
15:38 of 3rd period - Slapshot by Cam Fowler.
15:38 of 3rd period - Goal by Cam Fowler - Dallas Stars : 2 - New York Rangers : 5.
15:39 of 3rd period - Dylan Strome wins face-off versus Luke Kunin in neutral zone.
16:11 of 3rd period - Wrist shot by Timo Meier.
16:11 of 3rd period - Goal by Timo Meier - Dallas Stars : 2 - New York Rangers : 6.
16:12 of 3rd period - Elias Lindholm wins face-off versus Nathan MacKinnon in neutral zone.
16:38 of 3rd period - Conor Garland is hit by Luke Kunin and loses puck.
17:40 of 3rd period - Slapshot by Cam York.
17:40 of 3rd period - Stopped by Kevin Lankinen with a rebound.
18:22 of 3rd period - Snap shot by David Kampf.
18:22 of 3rd period - Shot Blocked by Jordan Greenway.
18:24 of 3rd period - Slapshot by Jake Walman.
18:24 of 3rd period - Stopped by Semyon Varlamov with a rebound.
18:30 of 3rd period - Wrist shot by Noel Acciari.
18:30 of 3rd period - Goal by Noel Acciari - Dallas Stars : 2 - New York Rangers : 7.
18:31 of 3rd period - Nathan MacKinnon wins face-off versus Jordan Martinook in neutral zone.
19:22 of 3rd period - Luke Schenn is hit by Trent Frederic and loses puck.
19:27 of 3rd period - Wrist shot by Alex Iafallo.
19:27 of 3rd period - Shot Misses the Net.
19:29 of 3rd period - Wrist shot by Trent Frederic.
19:29 of 3rd period - Shot Blocked by Teuvo Teravainen.
Goals for this period are 0 for Dallas Stars vs 3 for New York Rangers.
Shots for this period are 8 for Dallas Stars vs 13 for New York Rangers.
Back to the Top